 Dungeon Crawl Stone Soup version 0.31-a0-1616-gbeaec30b81 (webtiles) character file.

Game seed: 14000703226665230896

135 Inarius the Trooper (level 5, -2/36 HPs)
             Began as an Octopode Fighter on Jan 10, 2024.
             Was an Initiate of Nemelex Xobeh.
             Frozen to death by an endoplasm (4 damage)
             ... on level 4 of the Dungeon.
             The game lasted 00:02:41 (2397 turns).

Inarius the Trooper (Octopode Fighter)              Turns: 2397, Time: 00:02:41

Health: -2/36      AC:  1    Str: 17    XL:     5   Next: 18%
Magic:  5/5        EV: 13    Int: 10    God:    Nemelex Xobeh [......]
Gold:   138        SH:  4    Dex: 12    Spells: 4/4 levels left

rFire   . . .        a - +0 war axe
rCold   . . .        b - +0 buckler
rNeg    . . .        (helmet restricted)
rPois   .            (no amulet)
rElec   .            k - ring of willpower
rCorr   .            (no ring)
SInv    .            (no ring)
Will    +....        (no ring)
Stlth   +++          (no ring)
HPRegen 0.26/turn    (no ring)
MPRegen 0.09/turn    (no ring)
                     (no ring)

%: no passive effects
@: no status effects
A: almost no armour, amphibious, 8 rings, camouflage 1, gelatinous body 1,
(nimble swimmer 1), tentacles
a: Renounce Religion, Draw Escape, Draw Destruction, Draw Summoning


You were on level 4 of the Dungeon.
You worshipped Nemelex Xobeh.
Nemelex Xobeh was noncommittal.
You visited 1 branch of the dungeon, and saw 4 of its levels.

You collected 166 gold pieces.
You spent 28 gold pieces at shops.

Inventory:

Hand Weapons
 a - a +0 war axe (weapon)
Armour
 b - a +0 buckler (worn)
Jewellery
 k - a ring of willpower (left tentacle)
 l - an amulet of guardian spirit
Wands
 p - a wand of polymorph (9)
Scrolls
 g - 2 scrolls of enchant armour
 i - a scroll of torment {unknown}
 m - a scroll of poison {unknown}
 n - a scroll of fog {unknown}
 q - a scroll of teleportation {unknown}
Potions
 c - a potion of might
 d - a potion of lignification {unknown}
 e - a potion of heal wounds {unknown}
 f - 2 potions of haste {unknown}
 h - a potion of mutation {unknown}
 j - 4 potions of curing {unknown}
 o - a potion of cancellation {unknown}


   Skills:
 + Level 3.5 Fighting
 + Level 3.3 Axes
 + Level 3.4 Dodging
 + Level 3.2 Stealth
 + Level 3.4 Shields


You had 4 spell levels left.
You didn't know any spells.
Your spell library contained the following spells:

 Spells                   Type           Power      Damage    Failure   Level
 Magic Dart               Conj           0%         1d3       43%         1
 Searing Ray              Conj           0%         2d4       58%         2
 Fulminant Prism          Conj/Alch      0%         3d5       99%         4


Dungeon Overview and Level Annotations

Branches:
Dungeon (4/15)
 Temple: D:4-7

Altars:
Ashenzari
Dithmenos
Fedhas
Nemelex Xobeh
Wu Jian

Shops:
D:1 :   D:3 *


Innate Abilities, Weirdness & Mutations

You cannot wear most types of armour.
You are amphibious.
You can wear up to eight rings at the same time.
Your skin changes colour to match your surroundings (Stealth+).
Your rubbery body absorbs attacks. (AC +1, EV +1)
((You are camouflaged when in or above water. (Stealth+)))
You have tentacles for arms and can constrict up to eight enemies at once.


Message History

The hobgoblin attacks as it pursues you!
The hobgoblin closely misses you.
You open the door.
The orc priest calls down the wrath of Beogh upon you.
Beogh smites you!
* * * LOW HITPOINT WARNING * * *
The hobgoblin attacks as it pursues you!
The hobgoblin closely misses you. The orc attacks as it pursues you!
The orc closely misses you.
There is an open door here.
You see here a flux talisman.
There is an open door here.
The hobgoblin attacks as it pursues you!
The hobgoblin barely misses you.
A kobold comes into view. It is wielding a +0 short sword.
The hobgoblin attacks as it pursues you!
The hobgoblin barely misses you.
The hobgoblin attacks as it pursues you!
The hobgoblin hits you.
* * * LOW HITPOINT WARNING * * *
There is a stone staircase leading down here.
The hobgoblin hits you.
* * * LOW HITPOINT WARNING * * *
You climb downwards.
There is a stone staircase leading up here.
The helpless endoplasm fails to defend itself.
You hit the endoplasm.
The endoplasm is heavily wounded.
You hit the hobgoblin. The hobgoblin completely misses you.
The endoplasm freezes you.
You are frozen.
* * * LOW HITPOINT WARNING * * *
You block the hobgoblin's attack.
You barely miss the endoplasm.
The endoplasm is heavily wounded.
You barely miss the hobgoblin. The endoplasm freezes you.
You are frozen.
You die...
Your body disappears without a glow.

.. .. ##.# #...
#... #...
#..g######
#...@J...#
#...........
............##.
.###.#.######
#.#. # #. ##


You could see an endoplasm and a hobgoblin.

Vanquished Creatures
  Terence (D:2)
  Natasha (D:2)
  An orc wizard (D:3)
  2 adders (D:3)
  4 orcs (D:3)
  3 bats
  4 endoplasms
  2 giant cockroaches
  3 goblins (D:1)
  2 hobgoblins
  2 jackals (D:2)
  3 quokkas
  2 ball pythons
  2 kobolds
  7 rats
39 creatures vanquished.

Notes
Turn   | Place    | Note
-------+----------+-------------------------------------------
     0 | D:1      | Inarius the Octopode Fighter began the quest for the Orb.
     0 | D:1      | Reached XP level 1. HP: 16/16 MP: 1/1
    80 | D:1      | Found a faded altar of an unknown god.
   288 | D:1      | Reached XP level 2. HP: 21/21 MP: 2/2
   551 | D:1      | Found Hacwaicousch's Book Emporium.
   910 | D:2      | Noticed Natasha
   915 | D:2      | Killed Natasha
   916 | D:2      | Reached skill level 1 in Stealth
   916 | D:2      | Reached XP level 3. HP: 22/26 MP: 3/3
  1172 | D:2      | Noticed Terence
  1323 | D:2      | Killed Terence
  1324 | D:2      | Reached XP level 4. HP: 19/31 MP: 4/4
  1864 | D:3      | Found Mir Reun's General Store.
  1880 | D:3      | Bought a scroll of identify for 28 gold pieces
  2151 | D:3      | Reached XP level 5. HP: 28/36 MP: 5/5
  2340 | D:3      | Found an ornate altar of the Wu Jian Council.
  2341 | D:3      | Found a sparkling altar of Nemelex Xobeh.
  2341 | D:3      | Found a blossoming altar of Fedhas.
  2342 | D:3      | Found a broken altar of Ashenzari.
  2352 | D:3      | Became a worshipper of Nemelex Xobeh the Trickster
  2363 | D:3      | Found a shadowy altar of Dithmenos.
  2397 | D:4      | Frozen to death by an endoplasm

Illustrated notes

Levels and vault maps discovered:
D:1:      dpeg_arrival_three_same_balls, layout_loops_corners,
          shapermc_ecumenical_altar_gd, serial_shops, nicolae_shop_crystal
D:2:      layout_basic, uniq_terence, uniq_natasha
D:3:      layout_basic, nicolae_dithmenos_shadow_blocks,
          chequers_temple_overflow_statue_of_worship, serial_shops,
          nicolae_shop_tiny_glass, shop
D:4:      layout_basic

Skill      XL: |  1  2  3  4 |
---------------+-------------+-----
Stealth        | 1 2 3 |  3.2
Axes           | 3 |  3.3
Fighting       | |  3.5
Dodging        | |  3.4
Shields        | |  3.4

Action                     |  1- 3 |  4- 6 || total
---------------------------+-------+-------++-------
  Melee: War axe           |    43 |    31 ||    74
         Constrict         |     9 |     4 ||    13
         Tentacles         |     5 |     3 ||     8
         Punch             |     3 |       ||     3
    Use: Scroll            |       |     1 ||     1
   Stab: Sleeping          |     9 |     2 ||    11
 Armour: Skin              |    16 |    22 ||    38
  Dodge: Dodged            |    25 |    30 ||    55
  Block: Buckler           |     7 |     7 ||    14

Table legend: (Time is in decaauts)
 A = Elapsed time spent in this place.
 B = Non-inter-level travel time spent in this place.
 C = Inter-level travel time spent in this place.
 D = Time resting spent in this place.
 E = Time spent auto-exploring this place.
 F = Levels seen in this place.
 G = Mean time per level.
                   A        B        C        D        E       F      G
               +--------+--------+--------+--------+--------+-----+--------+
         Total |   2435 |   2395 |     40 |    258 |   1770 |   4 |  608.8 |
       Dungeon |   2435 |   2395 |     40 |    258 |   1770 |   4 |  608.8 |
               +--------+--------+--------+--------+--------+-----+--------+

Top non-repeatable levels by time:
     D:1: 914 daAuts
     D:2: 864 daAuts
     D:3: 653 daAuts
     D:4: 2 daAuts
